 Dungeon Crawl Stone Soup version 0.27-a0-1590-g15f69828bf (webtiles) character file.

Game seed: 7391111124466639381

139 flotson the Sneak (level 5, -6/42 HPs)
             Began as a Demonspawn Delver on July 18, 2021.
             Killed from afar by Terence (9 damage)
             ... with a puff of flame
             ... on level 3 of the Dungeon.
             The game lasted 00:05:07 (3037 turns).

flotson the Sneak (Demonspawn Delver)               Turns: 3037, Time: 00:05:08

Health: -6/42      AC:  4    Str: 13    XL:     5   Next: 1%
Magic:  5/5        EV: 12    Int: 11    God:
Gold:   108        SH:  0    Dex: 15    Spells: 4/4 levels left

rFire    . . .     SeeInvis .   a - +2 flail (protect)
rCold    . . .     Faith    .   (no shield)
rNeg     . . .     Spirit   .   r - +0 leather armour
rPois    .         Reflect  .   (helmet restricted)
rElec    .         Harm     .   (no cloak)
rCorr    .         Rampage  .   h - +0 pair of gloves
Will     .....                  (no boots)
Stlth    +++.......             (no amulet)
HPRegen  0.14/turn              (no ring)
MPRegen  0.18/turn              (no ring)

@: no status effects
A: antennae 1, magic regeneration, demonic magic 1
a: no special abilities


You were on level 3 of the Dungeon.
You visited 1 branch of the dungeon, and saw 5 of its levels.

You collected 108 gold pieces.

Inventory:

Hand Weapons
 a - a +2 flail of protection (weapon)
Armour
 h - a +0 pair of gloves (worn)
 j - a +0 tower shield
 o - a +3 ring mail
 r - a +0 leather armour (worn)
Wands
 g - a wand of digging (3)
Scrolls
 c - a scroll of fog
 e - a scroll of fear
 f - 5 scrolls of identify {unknown}
 i - a scroll of enchant weapon {unknown}
 k - a scroll of brand weapon {unknown}
 l - 2 scrolls of enchant armour {unknown}
 n - 2 scrolls of teleportation {unknown}
Potions
 b - a potion of heal wounds {unknown}
 d - a potion of attraction {unknown}
 m - a potion of curing {unknown}
 p - a potion of degeneration {unknown}
 q - a potion of mutation {unknown}


   Skills:
 + Level 3.7 Fighting
 + Level 2.7 Axes
 + Level 1.9 Armour
 + Level 2.7 Dodging
 - Level 4.5 Stealth
 + Level 0.5 Evocations


You had 4 spell levels left.
You didn't know any spells.
Your spell library was empty.

Dungeon Overview and Level Annotations

Branches:
Dungeon (5/15)
 Temple: D:4-7

Altars:
Wu Jian

Shops:
D:1 *

Annotations:
D:3 Terence


Innate Abilities, Weirdness & Mutations

You have a pair of small antennae on your head.
You regenerate magic rapidly.
Spells you cast may paralyse adjacent enemies.


Message History

You are too injured to fight recklessly!
You are too injured to fight recklessly!
You are too injured to fight recklessly!
You are too injured to fight recklessly!
You are too injured to fight recklessly!
You are too injured to fight recklessly!
You barely miss Terence.
Terence is moderately wounded.
Terence misses you.
You hit Terence.
Terence is heavily wounded.
Terence closely misses you.
A ball python comes into view.
You hit Terence but do no damage.
Terence is heavily wounded.
Terence zaps a wand.
The puff of flame hits you but does no damage.
Terence says, "Did you write a will?
You should..."
Terence closely misses you.
You hit Terence but do no damage.
Terence is heavily wounded.
The ball python closely misses you. The ball python grabs you.
The ball python constricts you. Terence hits you with a +0 trident.
The ball python bites you but does no damage.
The ball python constricts you.
You closely miss Terence.
Terence is heavily wounded.
Terence zaps a wand.
The puff of flame hits you. The ball python closely misses you.
The ball python constricts you.
You escape the ball python's grasp.
Terence zaps a wand.
The puff of flame hits you but does no damage.
The ball python bites you but does no damage.
The ball python closely misses you.
You see here a +0 tower shield.
j - a +0 tower shield Terence zaps a wand.
The puff of flame hits you!
* * * LOW HITPOINT WARNING * * *
The ball python closely misses you. x2
Terence zaps a wand.
The puff of flame hits you!
You die...

*,*###*.##.............
*,*#..,.##...>.#.##....
#<*#.#*.##.....#.##.#.#
#.##.##.########......#
#.......# ####.###
*,*#@...# #.# *,*#....#
#.# *,*##.S.# ### #.#
#.####@####.## #.# *
#...(..###.#.######.# *
######....###....>..# *
#####.#.######## *
##.## * ### *** *,, *,*


You could see Terence and a ball python.

Vanquished Creatures
  An orc priest (D:3)
  2 adders
  A white imp (D:4)
  2 dart slugs
  9 orcs
  3 ball pythons
  6 bats
  3 endoplasms (D:1)
  7 giant cockroaches
  2 goblins
  6 hobgoblins
  7 jackals
  2 quokkas (D:1)
  3 frilled lizards
  6 kobolds
  6 rats
66 creatures vanquished.

Notes
Turn   | Place    | Note
-------+----------+-------------------------------------------
     0 | D:5      | flotson the Demonspawn Delver began the quest for the Orb.
     0 | D:5      | Reached XP level 1. HP: 18/18 MP: 1/1
   120 | D:5      | Noticed an orc wizard
   437 | D:4      | Gained mutation: Spells you cast may paralyse adjacent
                  | enemies. [demonic ancestry]
   437 | D:4      | Reached XP level 2. HP: 18/24 MP: 2/2
   588 | D:4      | Reached skill level 1 in Armour
   740 | D:3      | Gained mutation: You regenerate magic rapidly. [demonic
                  | ancestry]
   740 | D:3      | Reached XP level 3. HP: 29/29 MP: 3/3
  1047 | D:2      | Found an ornate altar of the Wu Jian Council.
  1194 | D:1      | Found a faded altar of an unknown god.
  1397 | D:1      | Found Gavakaoj's General Store.
  1487 | D:1      | Reached XP level 4. HP: 35/35 MP: 4/4
  3004 | D:3      | Gained mutation: You have a pair of small antennae on your
                  | head. [demonic ancestry]
  3004 | D:3      | Reached XP level 5. HP: 42/42 MP: 5/5
  3015 | D:3      | Noticed Terence
  3037 | D:3      | Killed from afar by Terence

Illustrated notes

Levels and vault maps discovered:
D:1:      amcnicky_arrival_double_pillar, layout_basic, serial_shops, shop,
          shapermc_ecumenical_altar_totnotflames
D:2:      layout_loops_ring, basic_altar, minmay_misc_feat_encased
D:3:      layout_loops_cross, nicolae_qazlal_eye_of_the_storm,
          minmay_joined_circles, uniq_terence
D:4:      layout_gridville, hangedman_decor_riveting, corexii_checkpoint_a
D:5:      layout_loops_cross, gup_sewer_entry_pipe, uniq_menkaure, uniq_duvessa,
          uniq_prince_ribbit1

Skill      XL: |  1  2 |
---------------+-------+-----
Axes           | 2 |  2.7
Dodging        | 2 |  2.7
Armour         | 1 |  1.9
Fighting       | |  3.7
Stealth        | |  4.5
Evocations     | |  0.5

Action                   |  1- 3 |  4- 6 || total
-------------------------+-------+-------++-------
Melee: Long sword        |   108 |    53 ||   161
       Flail             |       |    20 ||    20
  Use: Potion            |     3 |       ||     3
       Scroll            |     1 |       ||     1
 Stab: Sleeping          |     5 |     8 ||    13
Armor: Leather armour    |    72 |    22 ||    94
       Ring mail         |       |    21 ||    21
Dodge: Dodged            |    99 |    59 ||   158
       Rpst.: Long sword |    32 |    15 ||    47

Table legend: (Time is in decaauts)
 A = Elapsed time spent in this place.
 B = Non-inter-level travel time spent in this place.
 C = Inter-level travel time spent in this place.
 D = Time resting spent in this place.
 E = Time spent auto-exploring this place.
 F = Levels seen in this place.
 G = Mean time per level.
                   A        B        C        D        E       F      G
               +--------+--------+--------+--------+--------+-----+--------+
         Total |   3090 |   3032 |     58 |    400 |   1955 |   5 |  618.0 |
       Dungeon |   3090 |   3032 |     58 |    400 |   1955 |   5 |  618.0 |
               +--------+--------+--------+--------+--------+-----+--------+

Top non-repeatable levels by time:
     D:2: 1053 daAuts
     D:1: 908 daAuts
     D:4: 551 daAuts
     D:3: 402 daAuts
     D:5: 174 daAuts
